 Dungeon Crawl Stone Soup version 0.29-a0-972-g43c84944fd (webtiles) character file.

Game seed: 1217160495897032275

3906 sdjdmbfv the Covert (level 10, -5/44 HPs)
             Began as a Spriggan Enchanter on July 31, 2022.
             Killed from afar by a steam dragon (16 damage)
             ... with a ball of steam
             ... on level 8 of the Dungeon.
             The game lasted 00:16:14 (8294 turns).

sdjdmbfv the Covert (Spriggan Enchanter)            Turns: 8294, Time: 00:16:14

Health: -5/44      AC:  9    Str: 11    XL:     10   Next: 0%
Magic:  21/25      EV: 17    Int: 23    God:
Gold:   327        SH:  5    Dex: 19    Spells: 19/30 levels left

rFire   . . .      SeeInvis +   A - +8 dagger of the Hungering Gods {vorpal, Str+3}
rCold   . . .      Faith    .   (no shield)
rNeg    . . .      Spirit   .   b - +0 robe
rPois   .          Reflect  +   o - +4 hat of a Billion Defenders {Dex+3 Stlth+}
rElec   .          Harm     .   v - +2 cloak
rCorr   +          Rampage  .   (gloves unavailable)
Will    +....                   (boots unavailable)
Stlth   ++++++....              l - amulet of reflection
HPRegen 0.14/turn               d - ring of resist corrosion
MPRegen 0.19/turn               s - +6 ring of intelligence

@: very quick
A: very small, no large weapons, unfitting armour, see invisible, speed 3
a: no special abilities


You were on level 8 of the Dungeon.
You visited 2 branches of the dungeon, and saw 9 of its levels.

You collected 437 gold pieces.
You spent 110 gold pieces at shops.

Inventory:

Hand Weapons
 A - the +8 dagger of the Hungering Gods (weapon) {vorpal, Str+3}
   (You found it on level 5 of the Dungeon)

   It inflicts extra damage upon your enemies.
   Str:       It affects your strength (+3).
 B - a +3 vampiric dagger
Missiles
 e - 18 poisoned darts (quivered)
Armour
 b - a +0 robe (worn)
 o - the +4 hat of a Billion Defenders (worn) {Dex+3 Stlth+}
   (You acquired it on level 3 of the Dungeon)

   Dex:       It affects your dexterity (+3).
   Stlth:     It makes you more stealthy.
 q - a scarf of repulsion
 v - a +2 cloak (worn)
Jewellery
 d - a ring of resist corrosion (left hand)
 l - an amulet of reflection (around neck)
 n - a ring of positive energy
 p - a ring of fire
 s - a +6 ring of intelligence (right hand)
 t - an amulet of magic regeneration
 C - a ring of magical power
Wands
 r - a wand of acid (14)
 u - a wand of polymorph (5)
Scrolls
 f - a scroll of torment
 m - 3 scrolls of teleportation
 w - a scroll of fog
 x - a scroll of amnesia
 y - 3 scrolls of identify
Potions
 a - a potion of resistance
 c - 2 potions of invisibility
 g - a potion of haste
 h - a potion of flight
 i - a potion of lignification
 j - 3 potions of brilliance
 k - 3 potions of might
 z - 3 potions of curing


   Skills:
 - Level 1.1 Short Blades
 - Level 2.6 Dodging
 + Level 12.8 Stealth
 + Level 10.6 Spellcasting
 + Level 10.9 Hexes


You had 19 spell levels left.
You knew the following spells:

 Your Spells              Type           Power      Damage    Failure   Level
a - Ensorcelled Hibernat  Hex/Ice        74%        N/A       1%          2
b - Tukima's Dance        Hex            58%        N/A       1%          3
c - Dazzling Flash        Conj/Hex       74%        N/A       1%          3
d - Confusing Touch       Hex            58%        N/A       1%          3

Your spell library contained the following spells:

 Spells                   Type           Power      Damage    Failure   Level
 Poisonous Vapours        Pois/Air       24%        N/A       9%          2
 Ignite Poison            Fire/Tmut/Pois 12%        N/A       16%         3
 Yara's Violent Unravell  Hex/Tmut       18%        3d9       16%         5
 Enfeeble                 Hex            29%        N/A       45%         7
 Corpse Rot               Necr/Pois/Air  12%        N/A       47%         4
 Sticky Flame             Conj/Fire      12%        2d4       47%         4
 Borgnjor's Revivificati  Necr           6%         N/A       100%        8
 Necromutation            Tmut/Necr      6%         N/A       100%        8
 Death's Door             Necr           6%         N/A       100%        9


Dungeon Overview and Level Annotations

Branches:
Dungeon (8/15)             Temple (1/1) D:5            Lair (0/5) D:8

Altars:
Ashenzari
Cheibriados
Elyvilon
Fedhas
Gozag
Hepliaklqana
Kikubaaqudgha
Nemelex Xobeh
Okawaru
Qazlal
Ru
Sif Muna
Trog
Uskayaw
Vehumet
Wu Jian
Xom
Zin
The Shining One

Shops:
D:1 (   D:3 (   D:5 ?   D:6 (


Innate Abilities, Weirdness & Mutations

You are very small and have problems with some larger weapons.
You are too small for most types of armour.
You have supernaturally acute eyesight. (SInv)
You cover ground extremely quickly. (Speed+++)


Message History

The steam dragon hisses angrily.
The orc shouts!
An orc wizard comes into view. It is wielding a +0 dagger.
Unknown command.
Aiming: Corrosive Bolt
Press: ? - help, Shift-Dir - straight line, f/p - steam dragon
Aim: a steam dragon (moderately wounded, 71% to hit)
The bolt of acid hits the orc!
The acid corrodes the orc!
You kill the orc!
The bolt of acid hits the steam dragon!
The acid corrodes the steam dragon!
The steam dragon is severely wounded.
The steam dragon breathes steam at you. The ball of steam hits you!
Unknown command.
Unknown command.
Aiming: Corrosive Bolt
Press: ? - help, Shift-Dir - straight line, f/p - steam dragon
Aim: a steam dragon (steam, severely wounded, catching its breath, covered in acid, 71% to hit)
The bolt of acid misses the steam dragon.
The bolt of acid hits the orc wizard!
The acid corrodes the orc wizard!
You kill the orc wizard!
Casting: Tukima's Dance (safe; 1% risk of failure)
Confirm with . or Enter, or press ? or * to list all spells.
Aiming: Ensorcelled Hibernation (safe; 1% risk of failure)
Press: ? - help, Shift-Dir - straight line, f/p - steam dragon
Aim: a steam dragon (severely wounded, covered in acid, chance to affect: 64%)
The steam dragon resists with significant effort.
The steam dragon breathes steam at you. The ball of steam hits you!!
Unknown command.
Casting: Ensorcelled Hibernation (safe; 1% risk of failure)
Confirm with . or Enter, or press ? or * to list all spells.
Aiming: Ensorcelled Hibernation (safe; 1% risk of failure)
Press: ? - help, Shift-Dir - straight line, f/p - steam dragon
Aim: a steam dragon (steam, heavily wounded, covered in acid, chance to affect: 64%)
The steam dragon resists with significant effort.
You are engulfed in a cloud of scalding steam.
* * * LOW HITPOINT WARNING * * *
The steam dragon breathes steam at you. The ball of steam hits you!
You die...

##### .# #.#
.. ###.# #
.D...#.# #
.#..##.# #
.Y..#..# #
###.oD##..# #
#.#W# #...# #
##§D§###...#
#
#)@.##.[...#
#
##§#§#.....##
#
#§.###....##
#
##........##
#........##
##.....####
#.....##
#....##
######


You could see a wraith and a steam dragon (catching breath, corroded).

Vanquished Creatures
  Grinder (D:5)
  3 water moccasins
  Pargi (D:4)
  6 black bears
  An ogre (D:7)
  An ice beast (D:5)
  A sky beast (D:7)
  5 centaurs
  2 phantoms (D:5)
  2 kobold brigands (D:8)
  4 bullfrogs
  3 scorpions
  A necrophage (D:5)
  3 wights (D:8)
  6 jellies
  2 howler monkeys
  4 hounds
  2 gnoll boudas (D:5)
  2 orc wizards
  Ijyb (D:3)
  6 iguanas
  Robin (D:4)
  12 adders
  2 shadow imps (D:5)
  2 white imps
  3 worms
  19 orcs
  4 ball pythons
  5 endoplasms
  2 giant cockroaches
  12 goblins
  6 hobgoblins
  6 jackals
  A quokka (D:5)
  3 bats
  12 kobolds
  6 rats
153 creatures vanquished.

Vanquished Creatures (collateral kills)
  An orc warrior (D:8)
  2 wights (D:8)
  3 gnolls (D:5)
6 creatures vanquished.

Vanquished Creatures (others)
  A dancing weapon (D:8)
  An orc (D:8)
  9 fungi (D:8)
  6 plants (D:8)
17 creatures vanquished.

Grand Total: 176 creatures vanquished

Notes
Turn   | Place    | Note
-------+----------+-------------------------------------------
     0 | D:1      | sdjdmbfv the Spriggan Enchanter began the quest for the
                  | Orb.
     0 | D:1      | Reached XP level 1. HP: 9/9 MP: 5/5
    25 | D:1      | Found Bejufy's Weapon Shop.
   342 | D:1      | Found a faded altar of an unknown god.
   970 | D:2      | Reached XP level 2. HP: 13/13 MP: 7/7
   974 | D:2      | Learned a level 2 spell: Ensorcelled Hibernation
  1275 | D:2      | Reached XP level 3. HP: 16/16 MP: 9/9
  1279 | D:2      | Learned a level 3 spell: Tukima's Dance
  1283 | D:2      | Learned a level 3 spell: Confusing Touch
  2156 | D:2      | Reached XP level 4. HP: 21/21 MP: 11/11
  2292 | D:3      | Reached skill level 5 in Hexes
  2317 | D:3      | Identified a scroll of acquirement
  2317 | D:3      | Acquired the +4 hat of a Billion Defenders {Dex+3 Stlth+}
  2334 | D:3      | Found Jaqionabb's Weapon Shop.
  2643 | D:3      | Noticed Ijyb
  2651 | D:3      | Killed Ijyb
  3098 | D:3      | Found a blossoming altar of Fedhas.
  3108 | D:3      | Learned a level 3 spell: Dazzling Flash
  3167 | D:4      | Noticed Pargi
  3200 | D:4      | Reached XP level 5. HP: 17/24 MP: 11/13
  3292 | D:4      | Reached skill level 5 in Spellcasting
  3293 | D:4      | Killed Pargi
  3294 | D:4      | Reached skill level 5 in Stealth
  3335 | D:4      | Reached XP level 6. HP: 28/28 MP: 13/15
  3526 | D:4      | Noticed Robin
  3537 | D:4      | Killed Robin
  3619 | D:4      | Reached skill level 6 in Stealth
  3801 | D:4      | Found an ancient bone altar of Kikubaaqudgha.
  3801 | D:4      | Found a hide-covered altar of Uskayaw.
  3868 | D:4      | Reached XP level 7. HP: 32/32 MP: 17/17
  4274 | D:5      | Entered Level 5 of the Dungeon
  4312 | D:5      | Noticed Grinder
  4316 | D:5      | Reached skill level 7 in Stealth
  4320 | D:5      | Killed Grinder
  4325 | D:5      | Reached skill level 8 in Stealth
  4574 | D:5      | Reached XP level 8. HP: 36/36 MP: 18/20
  4630 | D:5      | Reached skill level 9 in Stealth
  4632 | D:5      | Got Sif Muna's Incunable of the Pyre and Jinxing
  4678 | D:5      | Found the +9 sword of Zonguldrok {reap}
  4946 | D:5      | Found a staircase to the Ecumenical Temple.
  4967 | Temple   | Entered the Ecumenical Temple
  5282 | D:5      | Found Upa Xan's Magic Scroll Emporium.
  5286 | D:5      | Reached skill level 10 in Stealth
  5289 | D:5      | Bought a scroll of identify for 20 gold pieces
  5289 | D:5      | Bought a scroll of identify for 20 gold pieces
  5289 | D:5      | Bought a scroll of identify for 20 gold pieces
  5289 | D:5      | Bought a scroll of identify for 20 gold pieces
  5289 | D:5      | Bought a scroll of teleportation for 30 gold pieces
  5336 | D:5      | Identified the +5 ring mail of Death Resistance {rN+ Regen+
                  | Str+3 SInv}
  5406 | D:5      | Identified the +8 dagger of the Hungering Gods {vorpal,
                  | Str+3}
  5784 | D:6      | Reached XP level 9. HP: 39/39 MP: 22/22
  6074 | D:6      | Reached skill level 11 in Stealth
  6389 | D:6      | Found Pyqomain's Antique Weapon Emporium.
  6676 | D:7      | Found a white marble altar of Elyvilon.
  6679 | D:7      | Found a bloodstained altar of Trog.
  6683 | D:7      | Found an iron altar of Okawaru.
  7097 | D:7      | Reached skill level 10 in Hexes
  7636 | D:8      | Found an opulent altar of Gozag.
  7664 | D:8      | Reached skill level 12 in Stealth
  7664 | D:8      | Reached skill level 10 in Spellcasting
  8161 | D:8      | Found a staircase to the Lair.
  8231 | D:8      | Reached XP level 10. HP: 36/44 MP: 25/25
  8294 | D:8      | Killed from afar by a steam dragon

Illustrated notes

Levels and vault maps discovered:
D:1:      dpeg_arrival_rooms_b, layout_basic, serial_shops,
          nicolae_shop_bloodbath_and_beyond, shapermc_ecumenical_altar_pompeii
D:2:      layout_rooms
D:3:      layout_loops_ring, mainiacjoe_overflow_alcove_4, serial_shops,
          nicolae_shop_trees, uniq_ijyb
D:4:      layout_basic, nicolae_overflow_two_pavilions, uniq_pargi, uniq_robin
D:5:      minmay_octagon_keep, layout_basic,
          minmay_temple_entry_statues_pillars, serial_shops, shop, uniq_grinder
D:6:      layout_basic, serial_shops, shop
D:7:      layout_loops_ring, grunt_temple_overflow_diamond,
          minmay_misc_feat_tower
D:8:      minmay_slanted_spiral_squares, layout_basic, kennysheep_mini_moat,
          grunt_lair_entry_orc_guard_hut
Temple:   nicolae_temple_hex_pool

Skill      XL: |  1  2  3  4  5  6  7  8  9 |
---------------+----------------------------+-----
Spellcasting   | 3 4 5 6 7 8 10 | 10.6
Hexes          | 4 5 6 7 9 10 | 10.9
Stealth        | 5 6 8 10 12 | 12.8
Short Blades   | |  1.1
Dodging        | |  2.6

Action                   |  1- 3 |  4- 6 |  7- 9 | 10-12 || total
-------------------------+-------+-------+-------+-------++-------
Melee: Dagger            |   115 |   108 |   194 |       ||   417
       Punch             |       |     2 |     2 |       ||     4
 Cast: Ensorcelled Hiber |     9 |    14 |    31 |     2 ||    56
       Tukima's Dance    |     2 |     1 |    11 |       ||    14
       Confusing Touch   |       |       |     7 |       ||     7
Evoke: Wand              |       |     3 |     1 |     3 ||     7
  Use: Scroll            |     8 |     5 |     9 |       ||    22
 Stab: Sleeping          |     9 |    23 |    46 |       ||    78
       Distracted        |       |     1 |       |       ||     1
       Confused          |       |       |     7 |       ||     7
Armor: Robe              |     7 |    16 |    37 |       ||    60
Dodge: Dodged            |    61 |    65 |   103 |       ||   229
Block: Other             |     7 |    27 |    34 |       ||    68
       Reflection        |       |       |     1 |       ||     1

Table legend: (Time is in decaauts)
 A = Elapsed time spent in this place.
 B = Non-inter-level travel time spent in this place.
 C = Inter-level travel time spent in this place.
 D = Time resting spent in this place.
 E = Time spent auto-exploring this place.
 F = Levels seen in this place.
 G = Mean time per level.
                   A        B        C        D        E       F      G
               +--------+--------+--------+--------+--------+-----+--------+
         Total |   6348 |   6259 |     89 |    551 |   4572 |   9 |  705.3 |
       Dungeon |   6292 |   6215 |     77 |    551 |   4535 |   8 |  786.5 |
        Temple |     55 |     43 |     12 |      0 |     36 |   1 |   55.0 |
               +--------+--------+--------+--------+--------+-----+--------+

Top non-repeatable levels by time:
     D:2: 944 daAuts
     D:1: 897 daAuts
     D:5: 875 daAuts
     D:6: 845 daAuts
     D:4: 821 daAuts
     D:7: 710 daAuts
     D:8: 600 daAuts
     D:3: 596 daAuts
  Temple: 55 daAuts
